 Dungeon Crawl Stone Soup version 0.28.0-53-g5a82cb258f (webtiles) character file.

Game seed: 17316249929169917433

16704 Erymatos the Cleaver (level 12, 0/107 HPs)
             Began as a Minotaur Berserker on June 9, 2022.
             Was a High Priest of Trog.
             Slain by a manticore (7 damage)
             ... on level 12 of the Dungeon.
             The game lasted 00:19:17 (12924 turns).

Erymatos the Cleaver (Minotaur Berserker)          Turns: 12924, Time: 00:19:18

Health: 0/107      AC: 16    Str: 26    XL:     12   Next: 12%
Magic:  0/11       EV: 13    Int:  4    God:    Trog [*****.]
Gold:   22         SH: 18    Dex: 17    Spells: 11/11 levels left

rFire   . . .      SeeInvis .   k - +2 hand axe (elec)
rCold   . . .      Faith    .   n - +0 tower shield
rNeg    . . .      Spirit   +   A - +0 ring mail
rPois   .          Reflect  .   (helmet restricted)
rElec   .          Harm     .   S - scarf {repulsion}
rCorr   .          Rampage  +   O - +1 pair of gloves {infuse}
Will    .....                   I - +2 pair of boots {rampage}
Stlth   +.........              L - amulet of guardian spirit
HPRegen 0.27/turn               e - +4 ring of protection
MPRegen 0.12/turn               C - +6 ring of dexterity

@: lethally poisoned (0 -> -3), repel missiles
A: horns 2, retaliatory headbutt
a: Renounce Religion, Berserk, Trog's Hand, Brothers in Arms


You were on level 12 of the Dungeon.
You worshipped Trog.
Trog was extremely pleased with you.
You visited 1 branch of the dungeon, and saw 12 of its levels.
You also visited: Sewer.

You collected 678 gold pieces.
You spent 656 gold pieces at shops.

Inventory:

Hand Weapons
 k - a +2 hand axe of electrocution (weapon)
 K - a +2 executioner's axe
Missiles
 F - 2 throwing nets
Armour
 a - a +1 pair of boots
 n - a +0 tower shield (worn)
 A - a +0 ring mail (worn)
 B - a +0 pair of gloves of strength
 E - a +1 buckler of positive energy
 I - a +2 pair of boots of rampaging (worn)
 O - a +1 pair of gloves of infusion (worn)
 S - a scarf of repulsion (worn)
Jewellery
 b - a +6 ring of strength
 e - a +4 ring of protection (left hand)
 r - a ring of protection from cold
 C - a +6 ring of dexterity (right hand)
 L - an amulet of guardian spirit (around neck)
Wands
 l - a wand of flame (36)
 s - a wand of polymorph (22)
 J - a wand of digging (5)
 Q - a wand of acid (2)
Scrolls
 d - 7 scrolls of teleportation {unknown}
 h - 3 scrolls of amnesia {unknown}
 j - 11 scrolls of identify {unknown}
 m - 3 scrolls of enchant armour {unknown}
 p - a scroll of magic mapping {unknown}
 t - 3 scrolls of noise {unknown}
 u - a scroll of enchant weapon {unknown}
 y - a scroll of immolation {unknown}
 D - a scroll of fog {unknown}
 G - a scroll of silence {unknown}
 M - a scroll of blinking {unknown}
 P - a scroll of acquirement {unknown}
 R - a scroll of vulnerability {unknown}
Potions
 c - 6 potions of curing {unknown}
 f - a potion of flight {unknown}
 g - 4 potions of brilliance
 i - 2 potions of lignification {unknown}
 o - 3 potions of degeneration {unknown}
 q - a potion of resistance {unknown}
 v - 3 potions of heal wounds {unknown}
 w - 4 potions of magic {unknown}
 x - 4 potions of might {unknown}
 z - 2 potions of cancellation {unknown}
 H - a potion of attraction {unknown}
 N - 2 potions of berserk rage {unknown}


   Skills:
 + Level 10.3 Fighting
 + Level 14.4 Axes
 + Level 8.0 Armour
 + Level 8.5 Dodging
 + Level 11.9 Shields


You had 11 spell levels left.
You didn't know any spells.
Your spell library was empty.

Dungeon Overview and Level Annotations

Branches:
Dungeon (12/15)            Temple (0/1) D:6            Lair (0/6) D:11
    Orc (0/2) D:9           Sewer (visited)

Altars:
Qazlal

Shops:
D:3 *   D:4 (*[([   D:10 *

Annotations:
D:7 2 transporters, Grum; hitsuchi's ghost, novice OpVM


Innate Abilities, Weirdness & Mutations

You have a pair of horns on your head.
You reflexively headbutt those who attack you in melee.


Message History

The manticore is almost dead.
You hear an angry buzzing noise.
The manticore bites you! You block the manticore's attack.
The manticore closely misses you.
A killer bee comes into view.
You hear an angry buzzing noise. x2
You closely miss the manticore.
The manticore is almost dead.
You hit the queen bee. You block the manticore's attack.
The manticore claws you but does no damage. x2
The queen bee misses you. You furiously retaliate!
You headbutt the queen bee, but do no damage.
A killer bee comes into view.
You closely miss the manticore.
The manticore is almost dead.
You hit the killer bee. You hit the queen bee.
The meliai calls down the wrath of its god upon you.
Something smites you!
A killer bee comes into view.
The manticore bites you!
The manticore claws you but does no damage.
You block the manticore's attack. You block the queen bee's attack.
The killer bee stings you.
You are poisoned.
The killer bee poisons you!
Your ogre goes berserk!
You feel sick.
A killer bee comes into view.
The killer bee stings you but does no damage.
A killer bee comes into view.
The meliai mumbles some strange prayers to its god against you.
Something smites you!
* * * LOW HITPOINT WARNING * * *
The meliai invokes the aid of its god against you.
Something smites you!
* * * LOW HITPOINT WARNING * * *
The killer bee stings you but does no damage.
The manticore bites you but does no damage.
You block the manticore's attack. The manticore claws you!
You die...

##.... #####....#
### ........# yy.†
.......#yyyy†
#.....#yyy
#.....yy
#..Hyy####
#..y@y...#
#........#
.....##..O..# ....
#.....# ...
.##.....### .. #.
...........#####).
#
..########........
.. #..(........ #
#............#+


You could see a manticore, a queen bee, 3 meliai, 11 killer bees and a friendly
ogre (summoned, berserk).

Vanquished Creatures
  2 boulder beetles (D:11)
  2 two-headed ogres (D:8)
  Pikel (D:4)
  A deep elf pyromancer (D:12)
  An oklob plant (D:11)
  2 cyclopes
  Maggie (D:9)
  A troll (D:9)
  26 yaks
  A wyvern (D:8)
  Sigmund (D:5)
  A shadow (D:12)
  A wraith (D:9)
  A water elemental (D:11)
  2 vampire mosquitoes (D:12)
  2 acid dragons
  Duvessa (D:5)
  11 orc warriors
  A sky beast (D:7)
  A black bear (D:3)
  2 necrophages
  5 ogres
  5 centaurs
  11 kobold brigands
  A bullfrog (D:7)
  4 gnoll sergeants
  3 scorpions
  A water moccasin zombie (D:5)
  Dowan (D:5)
  A water moccasin skeleton (D:6)
  6 killer bees (D:11)
  5 electric eels
  8 wights
  3 bullfrog zombies (D:6)
  3 howler monkeys
  3 centaur zombies
  A jelly (D:5)
  A gnoll shaman (D:9)
  5 hounds
  2 bullfrog skeletons
  5 orc priests
  5 iguanas
  Jessica (D:3)
  12 orc wizards
  A scorpion zombie (D:5)
  Ijyb (D:3)
  A howler monkey skeleton (D:5)
  22 gnolls
  6 adders
  9 river rats
  An ufetubus (D:6)
  4 worms
  2 dart slugs (D:4)
  54 orcs
  6 endoplasms
  3 giant cockroaches
  3 goblins (D:1)
  8 hobgoblins
  3 jackals (D:4)
  27 kobolds
  3 quokkas
  14 ball pythons
  2 bats
  5 frilled lizards
  30 rats
359 creatures vanquished.

Vanquished Creatures (others)
  A kobold (D:11)
  21 plants
22 creatures vanquished.

Grand Total: 381 creatures vanquished

Notes
Turn   | Place    | Note
-------+----------+-------------------------------------------
     0 | D:1      | Erymatos the Minotaur Berserker began the quest for the
                  | Orb.
     0 | D:1      | Reached XP level 1. HP: 19/19 MP: 0/0
   201 | D:1      | Reached skill level 4 in Axes
   219 | D:1      | Reached XP level 2. HP: 25/27 MP: 1/1
   318 | D:1      | You fall into a shaft and drop 1 floor!
   447 | D:2      | Found a faded altar of an unknown god.
   836 | D:2      | Reached XP level 3. HP: 29/33 MP: 2/2
  1059 | D:3      | Noticed Jessica
  1060 | D:3      | Reached ** piety under Trog
  1069 | D:3      | Killed Jessica
  1248 | D:3      | Reached XP level 4. HP: 40/41 MP: 3/3
  1292 | D:3      | Reached skill level 5 in Axes
  1878 | D:3      | Noticed Ijyb
  1885 | D:3      | Killed Ijyb
  1886 | D:3      | Reached XP level 5. HP: 46/47 MP: 4/4
  1949 | D:3      | Noticed a black bear
  1957 | D:3      | Killed a black bear
  1958 | D:3      | Reached skill level 5 in Fighting
  1958 | D:3      | Reached skill level 6 in Axes
  2136 | D:3      | Found Qayn's General Store.
  2144 | D:3      | Bought a +0 pair of gloves for 49 gold pieces
  2144 | D:3      | Bought a +0 tower shield for 49 gold pieces
  2562 | D:4      | Reached XP level 6. HP: 25/49 MP: 5/5
  2888 | D:4      | Reached skill level 7 in Axes
  2888 | D:4      | Reached skill level 1 in Shields
  3065 | D:4      | Found Kaom's Antique Weapon Emporium.
  3077 | D:4      | Found Biseskats's Antique Armour Shop.
  3145 | D:4      | Found Tuixkyil's Assorted Antiques.
  3145 | D:4      | Noticed Pikel
  3160 | D:4      | Killed Pikel
  3161 | D:4      | Reached skill level 8 in Axes
  3161 | D:4      | Reached XP level 7. HP: 63/63 MP: 6/6
  3165 | D:4      | Reached XP level 8. HP: 70/71 MP: 7/7
  3347 | D:4      | Found Buef's Weapon Emporium.
  3670 | D:4      | Found Niro's Armour Emporium.
  3768 | D:5      | Entered Level 5 of the Dungeon
  3825 | D:5      | Reached skill level 9 in Axes
  3829 | D:5      | Reached skill level 5 in Dodging
  4042 | D:5      | Reached *** piety under Trog
  4070 | D:5      | Noticed Duvessa
  4070 | D:5      | Noticed Dowan
  4079 | D:5      | Killed Duvessa
  4081 | D:5      | Killed Dowan
  4144 | D:5      | Found a glowing drain.
  4227 | Sewer    | Entered a sewer
  4528 | Sewer    | Reached **** piety under Trog
  4673 | Sewer    | Reached skill level 10 in Axes
  4951 | D:5      | Reached skill level 5 in Shields
  5243 | D:5      | Reached XP level 9. HP: 79/79 MP: 8/8
  5456 | D:5      | Noticed Sigmund
  5464 | D:5      | Killed Sigmund
  5619 | D:6      | Found a staircase to the Ecumenical Temple.
  5906 | D:6      | Reached skill level 11 in Axes
  6347 | D:7      | Noticed Grum
  6430 | D:7      | Found a transporter.
  6446 | D:7      | Identified the ring "Huazoh" {rElec Str+6 Dex+6}
  6449 | D:7      | Found a transporter.
  6449 | D:7      | Noticed hitsuchi's ghost (novice OpVM)
  6461 | D:7      | Reached ***** piety under Trog
  6820 | D:7      | Noticed a cyclops
  6829 | D:7      | Killed a cyclops
  6830 | D:7      | Reached XP level 10. HP: 88/88 MP: 9/9
  7085 | D:4      | Bought a pair of runed boots for 225 gold pieces
  7258 | D:8      | Reached skill level 5 in Armour
  7263 | D:8      | Reached skill level 12 in Axes
  7782 | D:8      | Received a gift from Trog
  8034 | D:8      | Noticed a two-headed ogre
  8040 | D:8      | Killed a two-headed ogre
  8286 | D:8      | Found a stormy altar of Qazlal.
  8300 | D:8      | Noticed a two-headed ogre
  8306 | D:8      | Killed a two-headed ogre
  8544 | D:9      | Noticed Maggie
  8551 | D:9      | Killed Maggie
  8552 | D:9      | Reached skill level 13 in Axes
  8569 | D:9      | Reached XP level 11. HP: 76/97 MP: 10/10
  9350 | D:9      | Found a staircase to the Orcish Mines.
  9729 | D:4      | Bought a +1 pair of gloves of infusion for 165 gold pieces
  9863 | D:10     | Entered Level 10 of the Dungeon
  9870 | D:10     | Found Curghug's Neck Hole.
 10264 | D:10     | Reached skill level 10 in Shields
 10701 | D:11     | Noticed an oklob plant
 10706 | D:11     | Found a staircase to the Lair.
 10713 | D:11     | Killed an oklob plant
 11041 | D:11     | Reached skill level 14 in Axes
 11148 | D:11     | Reached skill level 10 in Fighting
 11268 | D:11     | Noticed a boulder beetle
 11282 | D:11     | Killed a boulder beetle
 11573 | D:11     | HP: 1/148 [electric eel/bolt of electricity (10)]
 12230 | D:11     | Noticed a boulder beetle
 12245 | D:11     | Killed a boulder beetle
 12245 | D:11     | Received a gift from Trog
 12246 | D:11     | Reached XP level 12. HP: 106/106 MP: 0/11
 12691 | D:10     | Bought a scarf of repulsion for 168 gold pieces
 12924 | D:12     | Slain by a manticore

Illustrated notes

Levels and vault maps discovered:
D:1:      amcnicky_arrival_feature_with_door, layout_loops_corners
D:2:      layout_basic, ebering_ecumenical_altar_sacrificial,
          grunt_ministairs_12
D:3:      layout_loops_corners, serial_glass, glass_columns_b, glass_columns_a,
          serial_shops, shop, serial_park_tiny_pond, uniq_jessica, uniq_ijyb
D:4:      layout_loops_ring, serial_shops, nicolae_stop_n_shop_1,
          nicolae_square_shop, kennysheep_mini, kennysheep_mini_moat,
          nicolae_shop_advertising_works [nicolae_subvault_shop_adworks],
          uniq_pikel
D:5:      layout_cave_pools, portal_sewer_entry_b, uniq_sigmund, uniq_duvessa
D:6:      layout_loops_cross, minmay_temple_entry_offerings
D:7:      layout_basic, gammafunk_ghost_gnarly_gnolls, grunt_ministairs_7
D:8:      layout_basic, nicolae_overflow_crystal_walls, minmay_checkerbox
D:9:      layout_long_grid, kennysheep_orc_monster_closet_entryway,
          minmay_misc_feat_tiny, minmay_fractal_squares_gapless_5, uniq_maggie
D:10:     layout_roguey, nicolae_shop_sticking_my_neck_out
D:11:     layout_basic, dpeg_oklobed_lair
D:12:     layout_basic, special_room [special_room_bee], uniq_frances

Skill      XL: |  1  2  3  4  5  6  7  8  9 10 11 12 |
---------------+-------------------------------------+-----
Axes           | 4 5 6 8 10 11 13 14 | 14.4
Fighting       | 4 5 6 7 8 9 10 | 10.3
Dodging        | 3 4 5 6 7 8 |  8.5
Shields        | 2 5 7 9 11 | 11.9
Armour         | 4 6 7 8 |  8.0

Action                   |  1- 3 |  4- 6 |  7- 9 | 10-12 || total
-------------------------+-------+-------+-------+-------++-------
Melee: Hand axe          |    54 |   111 |   273 |   388 ||   826
       Punch             |     2 |       |       |       ||     2
       Headbutt          |     3 |     9 |    44 |   106 ||   162
       Unarmed           |       |    10 |    15 |       ||    25
Invok: Berserk           |     1 |     5 |     6 |     6 ||    18
       Trog's Hand       |       |       |     1 |       ||     1
       Brothers in Arms  |       |       |       |     1 ||     1
Armor: Animal skin       |     5 |    34 |    52 |       ||    91
       Ring mail         |       |       |    25 |    92 ||   117
       Skin              |       |       |       |     4 ||     4
Dodge: Dodged            |    39 |    71 |    76 |   117 ||   303
Block: Tower shield      |       |    29 |   169 |   296 ||   494
